 Dungeon Crawl Stone Soup version 0.30-a0-1164-ge08a67761e (webtiles) character file.

Game seed: 1283845154877398263

344 jimonade the Slasher (level 6, -1/47 HPs)
             Began as a Djinni Monk on Apr 29, 2023.
             Was a Follower of Ashenzari.
             Slain by a kobold brigand
             ... wielding a +0 short sword
              (3 damage)
             ... on level 4 of the Dungeon.
             The game lasted 00:08:22 (3073 turns).

jimonade the Slasher (Djinni Monk)                  Turns: 3073, Time: 00:08:23

Health: -1/47      AC:  4    Str: 12    XL:     6   Next: 89%
Gold:   44         EV: 13    Int: 11    God:    Ashenzari [*.....] SH:  0 Dex: 16

rFire   + + .        a - +0 falchion
rCold   x . .        d - orb "I Foresaw This" {light, Evo, Self} (curse)
rNeg    . . .        h - +0 leather armour
rPois   ∞            o - +0 helmet "Circumscribed Together" {Evo, Fort} (curse)
rElec   .            (no cloak)
rCorr   .            (no gloves)
SInv    .            (boots unavailable)
Will    .....        (no amulet)
Stlth   +            (no ring)
HPRegen 0.27/turn    (no ring)
MPRegen 0.00/turn

%: infuse magic (-2 HP)
@: flying, very slightly contaminated, glowing
A: sickness immunity, fire resistance 2, cold vulnerability 1, float, innate
caster, HP casting, extra vitality 1
a: Renounce Religion, Shatter the Chains


You were on level 4 of the Dungeon.
You worshipped Ashenzari.
Ashenzari was aware of your devotion.
You visited 2 branches of the dungeon, and saw 4 of its levels.

You collected 44 gold pieces.

Inventory:

Hand Weapons
 a - a +0 falchion (weapon)
 f - a +0 short sword
 i - a +0 whip
 j - a +0 spear
Missiles
 e - 32 stones
 p - 5 poisoned darts
Armour
 d - the cursed orb "I Foresaw This" (worn) {light, Evo, Self}

   It has a curse which improves the following skills: Evocations: Evocations.
   Introspection: Fighting and Spellcasting.
 h - a +0 leather armour (worn)
 o - the cursed +0 helmet "Circumscribed Together" (worn) {Evo, Fort}
   (You took it off Robin on level 1 of the Dungeon)

   It has a curse which improves the following skills: Evocations: Evocations.
   Fortitude: Armour and Shields.
Scrolls
 l - 2 scrolls of amnesia
 m - a scroll of immolation
Potions
 b - a potion of cancellation
 c - 2 potions of ambrosia
 g - a potion of attraction
 k - a potion of curing
 n - a potion of berserk rage
 q - 2 potions of haste
 r - a potion of heal wounds


   Skills:
 + Level 3.5(4.2) Fighting
 + Level 4.0 Long Blades
 + Level 2.0(2.6) Armour
 + Level 3.9 Dodging
 * Level 3.0(3.6) Spellcasting


You knew the following spells:

 Your Spells              Type           Power      Damage    Failure   Level
a - Summon Small Mammal   Summ           40%        N/A       7%          1
b - Scorch                Fire           20%        2d5       11%         2
Your spell library was empty.

Dungeon Overview and Level Annotations

Branches:
Dungeon (4/15)             Temple (1/1) D:4

Altars:
Ashenzari
Fedhas
Hepliaklqana
Makhleb
Nemelex Xobeh
Okawaru
Ru
Zin
The Shining One


Innate Abilities, Weirdness & Mutations

You are immune to sickness and miasma.
You are immune to poison.
Your flesh is very heat resistant. (rF++)
You are vulnerable to cold. (rC-)
You float through the air rather than walking.
You learn spells naturally, not from books.
Your magical power is your life essence.
You have superior vitality. (+4 MHP)


Message History

Flames lash the kobold.
You kill the kobold!
You hear a shout!
The kobold brigand hits you with a +0 short sword.
You hear a shout!
Flames lash the kobold brigand.
The kobold brigand is burned terribly!
The kobold brigand is heavily wounded.
The kobold brigand hits you with a +0 short sword.
You miscast Scorch.
You are very lightly contaminated with residual magic.
Nothing appears to happen.
The kobold brigand barely misses you.
Flames lash the kobold.
You kill the kobold!
The kobold brigand hits you with a +0 short sword!
Your Spellcasting skill increases to level 3!
You are too injured to fight recklessly!
Casting: Scorch (safe; 11% risk of failure)
Press: ? - help, Q - select action, (/) - cycle Dir - look around, f - activate Flames lash the kobold.
You kill the kobold!
The kobold brigand hits you with a +0 short sword!
* * * LOW HITPOINT WARNING * * *
Casting: Scorch (safe; 11% risk of failure)
Press: ? - help, Q - select action, (/) - cycle Dir - look around, f - activate Flames lash the kobold brigand.
The kobold brigand is heavily wounded.
* * * LOW HITPOINT WARNING * * *
The kobold brigand closely misses you.
You slash the kobold brigand!
The kobold brigand is severely wounded.
The kobold brigand hits you with a +0 short sword.
* * * LOW HITPOINT WARNING * * *
You hit the kobold brigand.
The kobold brigand is almost dead.
The kobold brigand hits you with a +0 short sword.
* * * LOW HITPOINT WARNING * * *
You barely miss the kobold brigand.
The kobold brigand is almost dead.
The kobold brigand hits you with a +0 short sword.
You die...

≈≈≈≈≈≈≈≈≈≈≈≈≈≈≈≈≈≈≈≈≈≈≈≈≈≈≈≈≈≈≈≈≈
≈≈≈≈≈≈≈≈≈≈≈≈≈≈≈≈≈≈≈≈≈≈≈≈≈≈≈≈≈≈≈≈≈
≈≈≈≈≈≈≈≈≈≈≈≈≈≈≈≈≈≈≈≈≈≈≈≈≈≈≈≈≈≈≈≈≈
#################################
#....# . . #....# ..
..#########....#########...
.........#......#.....K....
.....:...'......@(.).......
.........#))....#K.........
..#########....#########K..
#.)..# #....#
############''###################
≈≈≈≈≈≈≈≈≈).....~≈≈≈≈≈≈≈≈≈≈≈≈≈≈≈≈≈
≈≈≈≈~≈≈≈≈~.....~~≈≈≈≈≈≈≈≈≈≈≈≈≈≈≈≈
≈~~~≈~~~~~~....~~~~≈~~~~~~≈≈~≈~~≈


You could see a kobold brigand (combustible) and a kobold.

Vanquished Creatures
  A phantom (D:4)
  A jelly (D:4)
  A hound (D:4)
  2 iguanas (D:4)
  An orc wizard (D:4)
  Robin (D:1)
  3 adders
  A gnoll (D:4)
  A worm (D:4)
  2 dart slugs (D:1)
  4 orcs (D:4)
  5 endoplasms
  A giant cockroach (D:1)
  8 goblins
  6 hobgoblins
  4 jackals (D:1)
  15 kobolds
  4 ball pythons
  8 bats
  4 rats
73 creatures vanquished.

Vanquished Creatures (collateral kills)
  A goblin (D:2)
1 creature vanquished.

Grand Total: 74 creatures vanquished

Notes
Turn   | Place    | Note
-------+----------+-------------------------------------------
     0 | D:1      | jimonade the Djinni Monk began the quest for the Orb.
     0 | D:1      | Reached XP level 1. HP: 20/20 MP: 0/0
   114 | D:1      | Reached XP level 2. HP: 15/25 MP: 0/0
   198 | D:1      | Reached skill level 3 in Long Blades
   306 | D:1      | Reached XP level 3. HP: 28/30 MP: 0/0
   306 | D:1      | Learned a level 1 spell: Summon Small Mammal
  1170 | D:2      | Reached skill level 1 in Spellcasting
  1170 | D:2      | Reached XP level 4. HP: 34/35 MP: 0/0
  1178 | D:2      | Noticed Robin
  1444 | D:1      | Killed Robin
  1581 | D:2      | You are sucked into a shaft and drop 2 floors!
  1735 | D:4      | Found a staircase to the Ecumenical Temple.
  1749 | Temple   | Entered the Ecumenical Temple
  1749 | Temple   | Found a transporter.
  1749 | Temple   | Found a transporter.
  1751 | Temple   | Found a transporter.
  1751 | Temple   | Found a transporter.
  1805 | Temple   | Became a worshipper of Ashenzari the Shackled
  1847 | D:4      | Found a sacrificial altar of Ru.
  1867 | D:4      | Reached * piety under Ashenzari
  1896 | D:4      | Reached skill level 1 in Armour
  1905 | D:4      | Reached XP level 5. HP: 40/41 MP: 0/0
  1905 | D:4      | Learned a level 2 spell: Scorch
  2314 | D:4      | Reached XP level 6. HP: 4/47 MP: 0/0
  2820 | D:4      | Reached skill level 4 in Long Blades
  3072 | D:4      | HP: 2/47 [kobold brigand/+0 short sword (3)]
  3073 | D:4      | Slain by a kobold brigand

Illustrated notes

Levels and vault maps discovered:
D:1:      wheals_arrival_linesprint, layout_loops_ring, minmay_hedge_maze
D:2:      layout_basic, skrybe_limestone_x, minmay_stone_trees_small,
          minmay_misc_feat_five, amcnicky_mini_rare_corridor_liquid,
          hangedman_decor_points, uniq_robin, uniq_sigmund
D:4:      minmay_goblin_kobold_castle, layout_loops_ring,
          nicolae_overflow_hidden_temple, minmay_temple_entry_statues_pillars
Temple:   hellmonk_temple_divided_pantheon

Skill      XL: |  1  2  3  4  5  6 |
---------------+-------------------+-----
Long Blades    | 3 4 |  4.0
Spellcasting   | 1 2 3 |  3.0
Armour         | 1 2 |  2.0
Fighting       | |  3.5
Dodging        | |  3.9

Action                     |  1- 3 |  4- 6 || total
---------------------------+-------+-------++-------
  Melee: Falchion          |    88 |    81 ||   169
   Cast: Summon Small Mamm |       |    12 ||    12
         Scorch            |       |    33 ||    33
 Invoke: Curse Item        |       |     2 ||     2
 Armour: Robe              |     4 |       ||     4
         Leather armour    |    27 |    27 ||    54
  Dodge: Dodged            |    67 |    61 ||   128

Table legend: (Time is in decaauts)
 A = Elapsed time spent in this place.
 B = Non-inter-level travel time spent in this place.
 C = Inter-level travel time spent in this place.
 D = Time resting spent in this place.
 E = Time spent auto-exploring this place.
 F = Levels seen in this place.
 G = Mean time per level.
                   A        B        C        D        E       F      G
               +--------+--------+--------+--------+--------+-----+--------+
         Total |   3098 |   3017 |     81 |    226 |   1901 |   4 |  774.5 |
       Dungeon |   3025 |   2957 |     68 |    226 |   1893 |   3 | 1008.3 |
        Temple |     72 |     59 |     13 |      0 |      8 |   1 |   72.0 |
               +--------+--------+--------+--------+--------+-----+--------+

Top non-repeatable levels by time:
     D:4: 1425 daAuts
     D:1: 1207 daAuts
     D:2: 392 daAuts
  Temple: 72 daAuts
